 Dungeon Crawl Stone Soup version 0.26-a0-658-gbdda728c12 (webtiles) character file.

Game seed: 13188309682840658559

30704 grandjackal the Commander (level 13, -4/107 HPs)
             Began as a Demonspawn Gladiator on Oct 4, 2020.
             Was a High Priest of Okawaru.
             Killed by divine providence
             ... invoked by an orc priest
              (14 damage)
             ... on level 2 of the Orcish Mines on Oct 5, 2020.
             The game lasted 00:31:27 (23147 turns).

grandjackal the Commander (Demonspawn Gladiator)   Turns: 23147, Time: 00:31:28

Health: -4/107     AC: 23    Str: 26    XL:     13   Next: 22%
Magic:  31/31      EV: 21    Int:  5    God:    Okawaru [*****.]
Gold:   1029       SH:  5    Dex: 25    Spells: 12/12 levels left

rFire    + . .     SeeInvis +   l - +6 scimitar (vorpal)
rCold    + . .     Faith    .   (no shield)
rNeg     + + .     Spirit   .   h - +0 ring mail {rC+}
rPois    .         Reflect  +   (helmet unavailable)
rElec    .         Harm     .   r - +1 cloak {rCorr}
rCorr    +         Rampage  .   G - +0 pair of gloves
MR       .....                  y - +2 pair of boots {run}
Stlth    +.........             C - amulet "Ewnipn" {Reflect rN++ Str-3 Dex+7 SH+5}
HPRegen  0.27/turn              u - +6 ring of dexterity
MPRegen  0.22/turn              z - ring of Midsummer {MP+9 Str+10 Int-5 Dex-3}

@: sanguine armour, lightly drained, quick
A: antennae 3, fire resistance 1, powered by pain 2, flame cloud immunity,
sanguine armour 2
a: Heroism, Finesse, Renounce Religion


You were on level 2 of the Orcish Mines.
You worshipped Okawaru.
Okawaru was extremely pleased with you.
You visited 3 branches of the dungeon, and saw 16 of its levels.

You collected 1388 gold pieces.
You spent 359 gold pieces at shops.

Inventory:

Hand Weapons
 l - a +6 vorpal scimitar (weapon)
 m - a +2 dagger of electrocution
 U - a +0 hand crossbow
Missiles
 d - 2 throwing nets
 w - 132 bolts
 A - 6 curare-tipped darts (quivered)
 F - 47 poisoned darts
Armour
 h - a +0 ring mail of cold resistance (worn)
 r - a +1 cloak of preservation (worn)
 y - a +2 pair of boots of running (worn)
 G - a +0 pair of gloves (worn)
 S - a +1 troll leather armour {Snorg}
Jewellery
 a - an uncursed ring of protection from cold {unknown}
 p - an uncursed amulet of the acrobat
 u - a +6 ring of dexterity (left hand)
 z - the ring of Midsummer (right hand) {MP+9 Str+10 Int-5 Dex-3}
   (You found it on level 5 of the Dungeon)

   [ring of magical power]

   It affects your strength (+10).
   It affects your intelligence (-5).
   It affects your dexterity (-3).
   It affects your magic capacity (+9).
 C - the amulet "Ewnipn" (around neck) {Reflect rN++ Str-3 Dex+7 SH+5}
   (You found it on level 6 of the Dungeon)

   [amulet of reflection]

   It shields you and reflects attacks.
   It affects your strength (-3).
   It affects your dexterity (+7).
   It greatly protects you from negative energy.
   It affects your SH (+5).
 E - a cursed ring of teleportation {unknown}
 O - the ring "Sawufe" {rC+ SInv}
   (You found it on level 9 of the Dungeon)

   [ring of see invisible]

   It protects you from cold.
   It lets you see invisible.
Wands
 D - a wand of paralysis (26)
 N - a wand of acid (4)
 Q - a wand of random effects (29)
 W - a wand of disintegration (9)
 X - a wand of iceblast (6)
Scrolls
 c - 2 scrolls of enchant weapon
 g - a scroll of fog {unknown}
 k - 5 scrolls of magic mapping
 o - 4 scrolls of teleportation
 q - 2 scrolls of fear
 s - a scroll of blinking
 t - 5 scrolls of immolation
 K - 2 scrolls of remove curse
 Y - a scroll of summoning {unknown}
Potions
 b - a potion of mutation
 e - a potion of stabbing
 f - 4 potions of brilliance
 i - 2 potions of flight
 j - 3 potions of cancellation
 n - 3 potions of curing
 v - a potion of resistance
 B - a potion of might
 H - a potion of haste
 J - 2 potions of lignification {unknown}
 P - a potion of magic {unknown}
 T - 2 potions of invisibility {unknown}
Miscellaneous
 M - a condenser vane (inert)
 R - a box of beasts (3/3)


   Skills:
 + Level 11.8(11.5) Fighting
 - Level 4.0(3.7) Long Blades
 + Level 7.1(6.9) Crossbows
 - Level 1.7(1.5) Throwing
 + Level 8.9(8.6) Armour
 - Level 10.0(9.8) Dodging
 + Level 13.3(13.0) Invocations


You had 12 spell levels left.
You didn't know any spells.
Your spell library contained the following spells:

 Spells                   Type           Power        Failure   Level
 Animate Skeleton         Necr           #.....       58%         1
 Apportation              Tloc           #.....       58%         1
 Corona                   Hex            #......      58%         1
 Freeze                   Ice            #...         58%         1
 Summon Small Mammal      Summ           #...         58%         1
 Frozen Ramparts          Ice            #.....       92%         3
 Ozocubu's Armour         Ice            #.......     92%         3
 Hailstorm                Conj/Ice       #.......     100%        4
 Summon Ice Beast         Ice/Summ       #.......     100%        4


Dungeon Overview and Level Annotations

Branches:
Dungeon (13/15)            Temple (1/1) D:5            Lair (0/6) D:11
    Orc (2/2) D:9             Elf (0/3) Orc:2
 Vaults: D:13-14

Altars:
Dithmenos
Elyvilon
Gozag
Hepliaklqana
Makhleb
Okawaru
Qazlal
Ru
Sif Muna
Wu Jian
Xom
The Shining One
Beogh

Shops:
D:6 :   D:10 (   Orc:2 *[


Innate Abilities, Weirdness & Mutations

You have a pair of large antennae on your head. (SInv)
Your flesh is heat resistant. (rF+)
You sometimes gain power by taking damage.
You are immune to clouds of flame.
When seriously injured, your bleeding wounds create thick armour. (AC +9)


Message History

You block the orc high priest's attack.
Unknown command.
Unknown command.
Unknown command.
Evoke which item? (* to show all) (? for menu, Esc to quit)
Aiming: Iceblast
Press: ? - help, Shift-Dir - straight line That beam is likely to hit you.
Continue anyway?
The mass of ice explodes!
The iceblast engulfs the orc priest!
You kill the orc priest!
Okawaru accepts your kill.
The iceblast engulfs the orc high priest!
The orc high priest is almost dead.
The iceblast engulfs you! You partially resist.
* * * LOW HITPOINT WARNING * * *
You hear a shout!
The soul eater misses you.
You riposte.
You barely miss the soul eater.
The orc priest calls down the wrath of Beogh upon you.
Beogh smites you!
You die...

##...##......#...#..'....#..
##.....##.........#.)####)###
##...8...##........####.......
#8.......8...8...8)####)####..
#...._.......))...))).).#..#..
#8.......8...8.รท.8)####.'..#..
##...8...##.o......####.#.)#..
##.....##..3......#[.#.####.#
##...##.3.o@.#...#..'.....)#
######.4...##..##..#....#.#
#.....#...#####....#[#
#.....##...##.......#..
#.....#.... #.#####'###
#o....## #.#..#...## ......##
#.'..#.(.## ......##
###..###### ......# #### #


You could see 2 soul eaters, an orc high priest, an ice devil (summoned), an orc
warrior and an orc priest.

Vanquished Creatures
  Donald (Orc:2)
  An orc warlord (Orc:2)
  Snorg (D:10)
  A fire dragon (D:12)
  2 hydras (D:11)
  A boulder beetle (D:12)
  4 two-headed ogres
  2 unseen horrors
  4 orc knights (Orc:2)
  A deep elf mage (D:12)
  3 orc sorcerers (Orc:2)
  3 ugly things
  A manticore (D:10)
  A wolf spider (D:12)
  Joseph (D:8)
  2 cyclopes (D:12)
  Maggie (D:10)
  A komodo dragon (D:12)
  A meliai (D:12)
  6 trolls
  A polar bear (D:11)
  A slime creature (D:12)
  Sigmund (D:6)
  A shadow (D:12)
  A vampire (D:10)
  A wraith (D:12)
  A yak (D:11)
  4 wargs
  4 black bears
  35 orc warriors
  A sky beast (D:8)
  2 phantoms
  11 ice beasts
  2 wolves (D:11)
  2 necrophages
  18 ogres
  6 centaurs
  2 big kobolds
  4 bullfrogs
  A hornet simulacrum (D:11)
  2 wyvern skeletons
  4 scorpions
  8 wights
  11 killer bees
  A howler monkey (D:12)
  6 electric eels (D:11)
  A quasit (D:3)
  2 centaur skeletons
  Crazy Yiuf (D:7)
  4 hounds
  A jelly (D:8)
  20 orc priests
  2 bullfrog skeletons
  6 iguanas
  14 orc wizards
  11 worker ants
  3 bullfrog simulacra
  A hound zombie (D:7)
  A hound skeleton (D:9)
  A howler monkey zombie (D:9)
  A worker ant zombie (D:7)
  15 adders
  2 shadow imps
  8 white imps
  A worker ant simulacrum (D:11)
  4 ufetubi
  2 adder zombies (D:6)
  An adder skeleton (D:5)
  A worm (shapeshifter) (D:12)
  2 worms
  A dart slug (D:1)
  3 leopard geckos
  108 orcs
  7 bats
  5 giant cockroaches
  4 goblins
  9 hobgoblins
  14 jackals
  5 quokkas
  A ball python (D:5)
  3 frilled lizards
  14 kobolds
  A leopard gecko zombie (D:6)
  2 quokka skeletons
  A quokka zombie (D:6)
  8 rats
460 creatures vanquished.

Vanquished Creatures (others)
  4 fungi (D:11)
4 creatures vanquished.

Grand Total: 464 creatures vanquished

Notes
Turn   | Place    | Note
-------+----------+-------------------------------------------
     0 | D:1      | grandjackal the Demonspawn Gladiator began the quest for
                  | the Orb.
     0 | D:1      | Reached XP level 1. HP: 16/16 MP: 1/1
   265 | D:1      | Gained mutation: Your flesh is heat resistant. (rF+)
                  | [demonic ancestry]
   265 | D:1      | Reached XP level 2. HP: 22/22 MP: 2/2
   852 | D:2      | Gained mutation: When seriously injured, your bleeding
                  | wounds create armour. (AC +9) [demonic ancestry]
   852 | D:2      | Reached XP level 3. HP: 28/28 MP: 3/3
  1542 | D:2      | Found a glowing golden altar of the Shining One.
  1612 | D:2      | Found a faded altar of an unknown god.
  1665 | D:3      | Noticed an ice beast
  1671 | D:2      | Reached XP level 4. HP: 33/35 MP: 4/4
  1719 | D:2      | Killed an ice beast
  1719 | D:2      | Gained mutation: You have a pair of small antennae on your
                  | head. [demonic ancestry]
  1719 | D:2      | Reached XP level 5. HP: 13/41 MP: 5/5
  2778 | D:3      | Reached XP level 6. HP: 47/48 MP: 6/6
  2858 | D:4      | Reached skill level 1 in Armour
  3533 | D:4      | Found a white marble altar of Elyvilon.
  3533 | D:4      | Found a shimmering altar of Xom.
  4172 | D:5      | Entered Level 5 of the Dungeon
  4220 | D:5      | Reached XP level 7. HP: 48/55 MP: 7/7
  4630 | D:5      | Reached skill level 5 in Fighting
  4630 | D:5      | Reached skill level 5 in Dodging
  5092 | D:5      | Found a staircase to the Ecumenical Temple.
  5100 | D:5      | Got a wavering bronze ring
  5102 | D:5      | Identified the ring of Midsummer {MP+9 Str+10 Int-5 Dex-3}
                  | (You found it on level 5 of the Dungeon)
  5104 | Temple   | Entered the Ecumenical Temple
  5169 | Temple   | Became a worshipper of Warmaster Okawaru
  5659 | D:6      | Found Lianidal's Book Shop.
  5669 | D:6      | Got a slimy golden amulet
  5686 | D:6      | Identified the amulet "Ewnipn" {Reflect rN++ Str-3 Dex+7
                  | SH+5} (You found it on level 6 of the Dungeon)
  5718 | D:6      | Reached skill level 1 in Invocations
  6114 | D:6      | Found a shadowy altar of Dithmenos.
  6115 | D:6      | Found an opulent altar of Gozag.
  6115 | D:6      | Found a glowing golden altar of the Shining One.
  6116 | D:6      | Found a hazy altar of Hepliaklqana.
  6139 | D:6      | Reached skill level 2 in Invocations
  6139 | D:6      | Gained mutation: You have a pair of antennae on your head.
                  | [demonic ancestry]
  6139 | D:6      | Reached XP level 8. HP: 63/63 MP: 9/9
  6169 | D:6      | Noticed Sigmund
  6195 | D:6      | Killed Sigmund
  6204 | D:6      | Reached skill level 3 in Invocations
  6485 | D:6      | Reached * piety under Okawaru
  7249 | D:7      | Reached skill level 4 in Invocations
  7739 | D:7      | Reached skill level 5 in Invocations
  7739 | D:7      | Gained mutation: When seriously injured, your bleeding
                  | wounds create thick armour. (AC +9) [demonic ancestry]
  7739 | D:7      | Reached XP level 9. HP: 54/71 MP: 12/12
  7917 | D:7      | Reached ** piety under Okawaru
  8300 | D:7      | Found a runed translucent door.
  8301 | D:7      | Noticed Crazy Yiuf
  8490 | D:7      | Killed Crazy Yiuf
  8490 | D:7      | Reached skill level 5 in Armour
  8840 | D:8      | Noticed Joseph
  8858 | D:8      | Killed Joseph
  8858 | D:8      | Reached skill level 6 in Invocations
  9671 | D:8      | Reached *** piety under Okawaru
  9914 | D:8      | Reached skill level 7 in Invocations
 10497 | D:8      | Gained mutation: You are immune to clouds of flame.
                  | [demonic ancestry]
 10497 | D:8      | Reached XP level 10. HP: 54/80 MP: 15/15
 11048 | D:9      | Found a stormy altar of Qazlal.
 11076 | D:9      | Found a staircase to the Orcish Mines.
 11560 | D:9      | Got a bound tin ring
 11617 | D:9      | Reached skill level 8 in Invocations
 11760 | D:9      | Found a sacrificial altar of Ru.
 12062 | D:10     | Entered Level 10 of the Dungeon
 12103 | D:10     | Noticed Maggie
 12112 | D:10     | Killed Maggie
 12182 | D:10     | Found a shimmering altar of Xom.
 12416 | D:10     | Noticed a manticore
 12428 | D:10     | Killed a manticore
 12428 | D:10     | Reached **** piety under Okawaru
 12703 | D:10     | Noticed Snorg
 12748 | D:10     | HP: 4/81 [Snorg (3)]
 12752 | D:10     | Killed Snorg
 12752 | D:10     | Reached skill level 9 in Invocations
 14089 | D:10     | Found Misk's Antique Weapon Shop.
 14097 | D:10     | Bought a hand crossbow for 115 gold pieces
 14440 | D:11     | Reached ***** piety under Okawaru
 14618 | D:11     | Reached skill level 1 in Crossbows
 14626 | D:11     | Gained mutation: You have a pair of large antennae on your
                  | head. (SInv) [demonic ancestry]
 14626 | D:11     | Reached XP level 11. HP: 57/89 MP: 18/18
 14783 | D:11     | Noticed an unseen horror
 14794 | D:11     | Killed an unseen horror
 14917 | D:11     | Noticed a four-headed hydra
 14927 | D:11     | Killed a four-headed hydra
 15212 | D:11     | Noticed a seven-headed hydra
 15228 | D:11     | Killed a seven-headed hydra
 15228 | D:11     | Reached skill level 10 in Invocations
 15263 | D:11     | Found a staircase to the Lair.
 15274 | D:11     | Noticed a red ugly thing
 15298 | D:11     | Killed a red ugly thing
 16398 | D:12     | Noticed a two-headed ogre
 16411 | D:12     | Killed a two-headed ogre
 16411 | D:12     | Received a gift from Okawaru
 16411 | D:12     | Reached skill level 10 in Fighting
 17131 | D:12     | Noticed a red ugly thing
 17144 | D:12     | Killed a red ugly thing
 17144 | D:12     | Reached skill level 11 in Invocations
 17264 | D:12     | Received a gift from Okawaru
 17477 | D:12     | Noticed a wolf spider
 17477 | D:12     | Noticed a green ugly thing
 17477 | D:12     | Noticed a deep elf mage
 17477 | D:12     | Noticed an unseen horror
 17477 | D:12     | Noticed a fire dragon
 17491 | D:12     | Killed an unseen horror
 17493 | D:12     | Killed a wolf spider
 17501 | D:12     | Killed a fire dragon
 17501 | D:12     | Gained mutation: You sometimes gain a little power by
                  | taking damage. [demonic ancestry]
 17501 | D:12     | Reached XP level 12. HP: 58/98 MP: 20/20
 17509 | D:12     | Reached ****** piety under Okawaru
 17518 | D:12     | Reached skill level 5 in Crossbows
 17520 | D:12     | Reached skill level 10 in Dodging
 17733 | D:12     | Received a gift from Okawaru
 17763 | D:12     | Noticed a boulder beetle
 17861 | D:12     | Killed a boulder beetle
 18144 | Orc:1    | Entered Level 1 of the Orcish Mines
 18635 | Orc:2    | Entered Level 2 of the Orcish Mines
 18663 | Orc:1    | Received a gift from Okawaru
 19169 | Orc:2    | Noticed a two-headed ogre
 19185 | Orc:2    | Killed a two-headed ogre
 19185 | Orc:2    | Reached skill level 12 in Invocations
 19433 | Orc:2    | Noticed a two-headed ogre
 19440 | Orc:2    | Killed a two-headed ogre
 19440 | Orc:2    | Received a gift from Okawaru
 20093 | Orc:1    | Received a gift from Okawaru
 20102 | Orc:1    | Identified a +1 pair of boots of running (Okawaru gifted it
                  | to you on level 1 of the Orcish Mines)
 20652 | Orc:2    | Found Kulusuk's Antique Armour Emporium.
 20775 | Orc:2    | Bought a runed cloak for 232 gold pieces
 20794 | Orc:2    | Found Wimup's General Store.
 20823 | Orc:2    | Found a roughly hewn altar of Beogh.
 20866 | Orc:2    | Paralysed by an orc sorcerer for 7 turns
 21186 | Orc:2    | Bought a scroll of noise for 12 gold pieces
 21188 | Orc:2    | Identified the ring "Sawufe" {rC+ SInv} (You found it on
                  | level 9 of the Dungeon)
 21507 | Orc:2    | Noticed a two-headed ogre
 21520 | Orc:2    | Killed a two-headed ogre
 22125 | Orc:2    | Found a staircase to the Elven Halls.
 22221 | Orc:2    | Gained mutation: You sometimes gain power by taking damage.
                  | [demonic ancestry]
 22221 | Orc:2    | Reached XP level 13. HP: 88/106 MP: 22/22
 22224 | Orc:2    | Reached skill level 13 in Invocations
 22632 | Orc:2    | Noticed Donald
 22646 | Orc:2    | Killed Donald
 22674 | Orc:2    | Noticed an orc warlord
 22698 | Orc:2    | Killed an orc warlord
 23102 | Orc:2    | Found a roughly hewn altar of Beogh.
 23147 | Orc:2    | Killed from afar by an orc priest

Illustrated notes

Levels and vault maps discovered:
D:1:      ncdulo_watergridlock, layout_rooms, kennysheep_flooded_box
D:2:      layout_loops_cross, chequers_ecumenical_altar_grove, tso_altar
D:3:      wander_river, layout_loops_ring
D:4:      layout_basic, minitemple, minivault_23, lemuel_another_geyser
D:5:      layout_loops_ring, temple_hall, minivault_24
D:6:      kennysheep_spiral_hall, layout_basic,
          chequers_temple_overflow_statue_of_worship, serial_shops,
          shop_fountains, kennysheep_diamond, uniq_sigmund
D:7:      layout_loops_ring, st_stairs_6, uniq_crazy_yiuf_cottage
D:8:      layout_loops_corners, uniq_joseph
D:9:      layout_basic, kennysheep_mini_moat, minmay_orc_entry_guard_dogs,
          nicolae_ru_the_path_less_chosen
D:10:     layout_irregular_city, serial_shops, shop, roderic_serpentine_path,
          tgw_xom, uniq_snorg, uniq_maggie
D:11:     layout_loops_corners, lair_entry_dummy, serial_ice, serial_ice_g,
          serial_ice_k, serial_ice_f, serial_ice_b, water_boxes_lemuel
D:12:     layout_irregular_city, minivault_28
D:13:     layout_gridville, minmay_fractal_squares_5
Temple:   eino_wide_crystal_templ
Orc:1:    layout_diamond_mine
Orc:2:    pubby_orc_utopia, uniq_donald

Skill      XL: |  1  2  3  4  5  6  7  8  9 10 11 12 13 |
---------------+----------------------------------------+-----
Dodging        | 3 4 5 6 7 8 9 10 | 10.0
Long Blades    | 3 4 |  4.0
Fighting       | 3 4 5 6 7 9 10 11 | 11.8
Armour         | 2 3 4 6 7 8 |  8.9
Invocations    | 2 5 7 9 11 12 13 | 13.3
Crossbows      | 1 4 6 7 |  7.1
Throwing       | |  1.7

Action                   |  1- 3 |  4- 6 |  7- 9 | 10-12 | 13-15 || total
-------------------------+-------+-------+-------+-------+-------++-------
Melee: Long sword        |   107 |   199 |   494 |   241 |       ||  1041
       Punch             |       |       |     4 |    11 |     4 ||    19
       Scimitar          |       |       |       |   695 |    73 ||   768
       Rapier            |       |       |       |    14 |       ||    14
 Fire: Hand crossbow     |       |       |       |    36 |       ||    36
Throw: Throwing net      |       |       |     1 |     4 |       ||     5
       Dart              |       |       |       |     7 |     1 ||     8
Invok: Heroism           |       |       |     2 |    12 |     2 ||    16
       Finesse           |       |       |       |     1 |     1 ||     2
Evoke: Wand              |       |       |     5 |    21 |     3 ||    29
       Condenser vane    |       |       |       |     4 |     1 ||     5
  Use: Scroll            |       |       |    11 |    11 |       ||    22
       Potion            |       |       |     2 |     7 |     1 ||    10
 Stab: Distracted        |       |       |     1 |       |       ||     1
       Sleeping          |       |       |     1 |     6 |       ||     7
       Confused          |       |       |       |     7 |       ||     7
       Held in net/web   |       |       |       |     4 |       ||     4
Armor: Leather armour    |     8 |       |       |       |       ||     8
       Ring mail         |    45 |    78 |   114 |   219 |    11 ||   467
Dodge: Dodged            |    91 |   215 |   387 |   983 |    43 ||  1719
Block: Other             |       |       |    87 |   266 |    19 ||   372
       Reflection        |       |       |     4 |     7 |       ||    11
       Rpst.: Long sword |    38 |    52 |   126 |    59 |       ||   275
       Scimitar          |       |       |       |   195 |    15 ||   210

Table legend: (Time is in decaauts)
 A = Elapsed time spent in this place.
 B = Non-inter-level travel time spent in this place.
 C = Inter-level travel time spent in this place.
 D = Time resting spent in this place.
 E = Time spent auto-exploring this place.
 F = Levels seen in this place.
 G = Mean time per level.
                   A        B        C        D        E       F      G
               +--------+--------+--------+--------+--------+-----+--------+
         Total |  23379 |  22924 |    455 |   9843 |   8816 |  16 | 1461.2 |
       Dungeon |  18315 |  17905 |    410 |   7091 |   7822 |  13 | 1408.8 |
        Temple |     72 |     65 |      7 |      0 |     60 |   1 |   72.0 |
  Orcish Mines |   4992 |   4955 |     37 |   2752 |    934 |   2 | 2496.0 |
               +--------+--------+--------+--------+--------+-----+--------+

Top non-repeatable levels by time:
   Orc:2: 3600 daAuts
    D:11: 2582 daAuts
     D:8: 2269 daAuts
    D:10: 2137 daAuts
     D:7: 1600 daAuts
     D:6: 1566 daAuts
     D:5: 1420 daAuts
     D:3: 1406 daAuts
   Orc:1: 1391 daAuts
    D:12: 1374 daAuts
     D:9: 1107 daAuts
     D:1: 1023 daAuts
     D:2: 932 daAuts
     D:4: 892 daAuts
  Temple: 72 daAuts
